 Dungeon Crawl Stone Soup version 0.30-a0-626-gd6a5dd7a1f (webtiles) character file.

Game seed: 1468302448981682371

804 funkygono the Firebug (level 7, -4/36 HPs)
             Began as a Gargoyle Fire Elementalist on Jan 11, 2023.
             Slain by an ice beast (13 damage)
             ... on level 5 of the Dungeon.
             The game lasted 00:05:34 (4054 turns).

funkygono the Firebug (Gargoyle Fire Elementalist)  Turns: 4054, Time: 00:05:35

Health: -4/36      AC:  7    Str: 11    XL:     7   Next: 91%
Magic:  23/23      EV: 12    Int: 18    God:
Gold:   221        SH:  0    Dex: 10    Spells: 6/16 levels left

rFire   + . .      SeeInvis .    n - +0 whip
rCold   . . .      Faith    .    (no shield)
rNeg    + . .      Spirit   .    F - +1 robe {Will+}
rPois   ∞          Reflect  .    (no helmet)
rElec   +          Harm     .    (no cloak)
rCorr   .          Rampage  .    (no gloves)
Will    +....                    (no boots)
Stlth   ++                       e - amulet of magic regeneration
HPRegen 0.26/turn                d - ring of magical power
MPRegen 0.58/turn                u - ring of protection from fire

@: no status effects
A: sickness immunity, AC +4, negative energy resistance 1, electricity
resistance, torment resistance 1, petrification resistance
a: no special abilities


You were on level 5 of the Dungeon.
You visited 1 branch of the dungeon, and saw 5 of its levels.

You collected 221 gold pieces.

Inventory:

Hand Weapons
 j - a +0 mace
 n - a +0 whip (weapon)
 p - the +11 short sword "Beporgh" {flame, Stlth+}
   (You found it on level 2 of the Dungeon)

   Stlth:     It makes you more stealthy.
 D - the +5 spear of Exceptional Innocence {vamp, Int+4}
   (You found it on level 4 of the Dungeon)

   Int:       It affects your intelligence (+4).
Armour
 t - an orb of guile
 E - a +0 buckler of protection
 F - a +1 robe of willpower (worn)
Magical Staves
 C - a staff of poison
Jewellery
 d - a ring of magical power (left hand)
 e - an amulet of magic regeneration (around neck)
 r - a +6 ring of dexterity
 u - a ring of protection from fire (right hand)
 y - a ring of wizardry
Wands
 v - a wand of flame (16)
 I - a wand of polymorph (4)
Scrolls
 f - 3 scrolls of fear {unknown}
 i - a scroll of vulnerability {unknown}
 m - 3 scrolls of teleportation {unknown}
 o - a scroll of acquirement {unknown}
 q - 2 scrolls of identify {unknown}
 w - a scroll of blinking {unknown}
 x - a scroll of immolation {unknown}
 G - a scroll of poison {unknown}
 H - a scroll of enchant weapon {unknown}
Potions
 a - a potion of cancellation {unknown}
 b - a potion of magic
 c - 2 potions of flight {unknown}
 g - 2 potions of might {unknown}
 h - 4 potions of heal wounds {unknown}
 k - 3 potions of degeneration {unknown}
 l - 2 potions of curing
 s - a potion of resistance {unknown}
 z - a potion of mutation {unknown}
 A - a potion of invisibility {unknown}
 B - a potion of lignification {unknown}


   Skills:
 + Level 2.0 Dodging
 - Level 2.1 Stealth
 + Level 5.0 Spellcasting
 + Level 4.7 Conjurations
 + Level 5.8 Fire Magic


You had 6 spell levels left.
You knew the following spells:

 Your Spells              Type           Power      Damage    Failure   Level
a - Foxfire               Conj/Fire      92%        2x1d8     1%          1
b - Scorch                Fire           50%        2d8       1%          2
c - Kindle Blastsparks    Fire/Tloc/Air  22%        2d11      19%         3
d - Flame Wave            Conj/Fire      23%        2d8       14%         4

Your spell library contained the following spells:

 Spells                   Type           Power      Damage    Failure   Level
 Inner Flame              Hex/Fire       15%        N/A       12%         3
 Poisonous Vapours        Pois/Air       8%         N/A       21%         2
 Mephitic Cloud           Conj/Pois/Air  10%        N/A       21%         3
 Cigotuvi's Dreadful Rot  Necr/Pois/Air  Unusable   N/A       N/A         2

Dungeon Overview and Level Annotations

Branches:
Dungeon (5/15)             Temple (0/1) D:5

Altars:
Fedhas
Ru
Sif Muna
Trog


Innate Abilities, Weirdness & Mutations

You are immune to sickness and miasma.
Your stone body is resilient. (AC +4)
You are immune to poison.
You resist negative energy. (rN+)
You are resistant to electric shocks. (rElec)
You are resistant to unholy torment.
You are immune to petrification.


Message History

The foxfire hits something.
Casting: Foxfire (safe; 1% risk of failure)
Confirm with . or Enter, or press ? or * to list all spells.
You conjure some foxfire!
The foxfire hits something.
Reactivating autopickup.
You feel a bit more experienced.
Your Spellcasting skill increases to level 5!
Unknown command.
Casting: Foxfire (safe; 1% risk of failure)
Confirm with . or Enter, or press ? or * to list all spells.
Okay, then.
Your foxfire dissipates! x2
Your magical contamination has completely faded away.
Your foxfire dissipates! x2
h - 4 amethyst potions (gained 1)
Items here: )) [[ †.
Things that are here:
a +0 whip; 5 boomerangs
Found a +0 leather armour.
A centaur comes into view.
Found a staircase to the Ecumenical Temple.
An ice beast comes into view.
The centaur shouts!
You hear a shout!
The centaur wields a +2 shortbow of freezing.
It is covered in frost.
The centaur shoots an arrow.
The arrow hits you! The arrow freezes you.
The centaur shoots an arrow.
The arrow hits you! The arrow freezes you.
* * * LOW HITPOINT WARNING * * *
You hear an angry hiss.
An adder comes into view.
The centaur unwields a +2 shortbow of freezing.
The centaur hits you.
* * * LOW HITPOINT WARNING * * *
The centaur kicks you but does no damage.
Casting: Foxfire (safe; 1% risk of failure)
Confirm with . or Enter, or press ? or * to list all spells.
You conjure some foxfire!
The ice beast hits you.
* * * LOW HITPOINT WARNING * * *
The ice beast freezes you!
You die...

#..# #.~~.b~~.~#
...######.###~..###
........#.#.#b.~#.
...######.#.#...# ...#
#.~~#.#.~~#
...####~.~#.#~..#
......#..b#.#~~~#
.###### ##.####### .#
####.....v@v# .#
#.....####Yc# .# #.##..#
#..[.P
#######.########..P.P..
#..~.b#)#ll~~~###o.>S...
#~~P~~#)#bb.~.# .......
#~.P..#.#.~.~~# P..P..#
#.~.###.###~~~# #####.#
#.~.#.....#~~~# #.


You could see an ice beast (ally target), a centaur, an adder and an orc.

Vanquished Creatures
  An ogre (D:4)
  Blork the orc (D:5)
  2 scorpions
  A necrophage (D:5)
  A howler monkey (D:4)
  2 orc priests
  2 hounds
  Natasha (twice) (D:3)
  2 iguanas (D:5)
  2 orc wizards
  4 gnolls (D:4)
  6 adders
  An ufetubus (D:4)
  3 dart slugs
  3 orcs
  9 ball pythons
  6 bats (D:2)
  3 giant cockroaches (D:1)
  5 goblins
  5 hobgoblins
  7 kobolds
  3 quokkas
  A frilled lizard (D:3)
  7 rats
79 creatures vanquished.

Vanquished Creatures (others)
  321 foxfires
  9 fungi (D:5)
  A plant (D:5)
331 creatures vanquished.

Grand Total: 410 creatures vanquished

Notes
Turn   | Place    | Note
-------+----------+-------------------------------------------
     0 | D:1      | funkygono the Gargoyle Fire Elementalist began the quest
                  | for the Orb.
     0 | D:1      | Reached XP level 1. HP: 10/10 MP: 3/3
   652 | D:1      | Reached XP level 2. HP: 15/15 MP: 5/5
   893 | D:1      | Learned a level 2 spell: Scorch
  1212 | D:2      | Reached XP level 3. HP: 19/19 MP: 6/6
  1242 | D:2      | Identified the +11 short sword "Beporgh" {flame, Stlth+}
  1731 | D:3      | Found a sacrificial altar of Ru.
  1797 | D:3      | Noticed Natasha
  1803 | D:3      | Killed Natasha
  1804 | D:3      | Reached XP level 4. HP: 24/24 MP: 8/8
  1869 | D:3      | Noticed Natasha
  1874 | D:3      | Killed Natasha
  2057 | D:3      | Reached XP level 5. HP: 28/28 MP: 9/9
  2333 | D:3      | Found a shimmering blue altar of Sif Muna.
  2584 | D:4      | Noticed an ogre
  2588 | D:4      | Killed an ogre
  2589 | D:4      | Reached XP level 6. HP: 32/32 MP: 11/11
  2621 | D:4      | Found a blossoming altar of Fedhas.
  3151 | D:4      | Reached skill level 5 in Fire Magic
  3151 | D:4      | Reached XP level 7. HP: 36/36 MP: 13/13
  3340 | D:4      | Noticed a moth of wrath
  3343 | D:4      | Found a bloodstained altar of Trog.
  3370 | D:4      | Identified the +5 spear of Exceptional Innocence {vamp,
                  | Int+4}
  3660 | D:5      | Entered Level 5 of the Dungeon
  3670 | D:5      | Noticed Blork the orc
  3677 | D:5      | Killed Blork the orc
  3690 | D:5      | Learned a level 3 spell: Kindle Blastsparks
  3695 | D:5      | Learned a level 4 spell: Flame Wave
  4027 | D:5      | Reached skill level 5 in Spellcasting
  4051 | D:5      | Found a staircase to the Ecumenical Temple.
  4054 | D:5      | Slain by an ice beast

Illustrated notes

Levels and vault maps discovered:
D:1:      dpeg_arrival_shrine, layout_loops_corners
D:2:      layout_loops_ring, chequers_serial_rivers_micro_b, minmay_pentomino_u2
D:3:      layout_basic, lemuel_doored_altar, nicolae_ru_path_of_blood,
          uniq_natasha
D:4:      layout_loops_corners, fedhas_altar_2, tgw_trog
D:5:      layout_loops_ring, minmay_temple_entry_overgrown, serial_aquarium,
          aquarium_bridge_island_small [aquarium_subvault_small_open,
          aquarium_subvault_balcony, aquarium_subvault_bridge,
          aquarium_subvault_bridge, aquarium_subvault_window],
          aquarium_bridge_square [aquarium_subvault_balcony,
          aquarium_subvault_window, aquarium_subvault_bridge,
          aquarium_subvault_balcony], aquarium_window_fake,
          aquarium_window_corner, aquarium_window_2, aquarium_view_2b,
          aquarium_view_2d, aquarium_pool_2, feat_on_display, uniq_sigmund,
          uniq_blork_the_orc

Skill      XL: |  1  2  3  4  5  6  7 |
---------------+----------------------+-----
Conjurations   | 2 3 4 |  4.7
Fire Magic     | 4 5 |  5.8
Spellcasting   | 3 4 5 |  5.0
Dodging        | 2 |  2.0
Stealth        | |  2.1

Action                   |  1- 3 |  4- 6 |  7- 9 || total
-------------------------+-------+-------+-------++-------
 Cast: Foxfire           |    69 |    89 |    47 ||   205
       Scorch            |     1 |    11 |    14 ||    26
Armor: Robe              |       |     4 |    11 ||    15
Dodge: Dodged            |    14 |    18 |     8 ||    40

Table legend: (Time is in decaauts)
 A = Elapsed time spent in this place.
 B = Non-inter-level travel time spent in this place.
 C = Inter-level travel time spent in this place.
 D = Time resting spent in this place.
 E = Time spent auto-exploring this place.
 F = Levels seen in this place.
 G = Mean time per level.
                   A        B        C        D        E       F      G
               +--------+--------+--------+--------+--------+-----+--------+
         Total |   4055 |   3873 |    182 |      2 |   3251 |   5 |  811.0 |
       Dungeon |   4055 |   3873 |    182 |      2 |   3251 |   5 |  811.0 |
               +--------+--------+--------+--------+--------+-----+--------+

Top non-repeatable levels by time:
     D:4: 1224 daAuts
     D:1: 913 daAuts
     D:3: 872 daAuts
     D:2: 656 daAuts
     D:5: 388 daAuts
